 Dungeon Crawl Stone Soup version 0.20.0-10-g0535bb4 (webtiles) character file.

138 mopl the Archer (level 5, -6/41 HPs)
             Began as a Centaur Hunter on June 3, 2017.
             Splashed by a goblin's acid (13 damage)
             ... on level 3 of the Dungeon.
             The game lasted 00:03:36 (2202 turns).

mopl the Archer (Centaur Hunter)                    Turns: 2202, Time: 00:03:37

Health: -6/41      AC:  4    Str: 15    XL:     5   Next: 1%
Magic:  5/5        EV:  9    Int: 10    God:
Gold:   113        SH:  0    Dex: 10    Spells: 4/4 levels left

rFire    . . .     SeeInvis .   a - +1 shortbow
rCold    . . .     Gourm    .   (shield currently unavailable)
rNeg     . . .     Faith    .   c - +0 leather armour
rPois    .         Spirit   .   (no helmet)
rElec    .         Reflect  .   (no cloak)
rCorr    .         Harm     .   (no gloves)
MR       .....                  (no barding)
Stlth    +.........             (no amulet)
Regen    0.2/turn               (no ring)
MPRegen  0.1/turn               (no ring)

@: very quick
A: hooves 3, deformed body, speed 2, tough skin 3
a: no special abilities


You were on level 3 of the Dungeon.
You were not hungry.

You visited 1 branch of the dungeon, and saw 3 of its levels.
You also visited: Sewer.

You collected 113 gold pieces.

Inventory:

Hand Weapons
 a - a +1 shortbow (weapon)
 b - a +0 short sword
Missiles
 d - 29 arrows (quivered)
 j - 29 bolts
Armour
 c - a +0 leather armour (worn)
Scrolls
 e - 2 scrolls of magic mapping {unknown}
 h - a scroll of immolation {unknown}
 m - a scroll of enchant weapon {unknown}
 n - 2 scrolls of amnesia {unknown}
 o - 3 scrolls of identify {unknown}
 r - a scroll of enchant armour {unknown}
 s - 3 scrolls of fear {unknown}
 w - a scroll of remove curse
 y - a scroll of noise {unknown}
 B - 2 scrolls of teleportation {unknown}
Potions
 i - a potion of agility {unknown}
 k - 2 potions of heal wounds {unknown}
 l - 5 potions of lignification {unknown}
 p - a potion of flight {unknown}
 t - a potion of brilliance {unknown}
 v - a potion of invisibility {unknown}
 x - 2 potions of resistance {unknown}
 z - a potion of curing {unknown}
 A - 3 potions of might {unknown}
Comestibles
 f - 4 bread rations
 g - 7 fruits
 q - a meat ration
 u - 5 chunks of flesh


   Skills:
 - Level 2.0(1.0) Fighting
 + Level 8.4(4.4) Bows
 - Level 1.3(0.6) Dodging
 - Level 0.4(0.2) Stealth


You had 4 spell levels left.
You didn't know any spells.

Dungeon Overview and Level Annotations

Branches:
Dungeon (3/15)

Altars:
Ashenzari
Gozag
Qazlal


Innate Abilities, Weirdness & Mutations

You have hooves in place of feet.
Armour fits poorly on your strangely shaped body.
You cover ground very quickly.
You have extremely tough skin. (AC +3)


Message History

Moving in this stuff is going to be slow.
Some of the chunks of flesh in your inventory have rotted away.
f - 4 bread rations (gained 1)
Found a stone staircase leading down.
There is a stone staircase leading down here.
Found a stone staircase leading down.
A goblin comes into view. It is wielding a club.
The goblin shouts!
The goblin zaps a wand.
The bolt of acid misses you.
It is a wand of acid (?/15).
The goblin zaps a wand.
The bolt of acid hits you!
You are splashed with acid!
The acid burns!
You are too injured to fight recklessly!
You are too injured to fight recklessly!
You are too injured to fight recklessly!
a - a +1 shortbow (weapon)
The goblin zaps a wand.
The bolt of acid hits you!
* * * LOW HITPOINT WARNING * * *
You are splashed with acid!
The acid burns!
You die...

##......... #..........
#.>........
##############..........
........>...............
##############..........
.................
####.............
#.....#@.####..
.....###.## #..... ..g
#.#.## ..... ..#.
.....## . ..#.### ##.#.
... . .. ...


You could see a goblin.

Vanquished Creatures
  5 adders
  2 river rats (Sewer)
  2 oozes
  2 worms (D:2)
  A dart slug (D:2)
  3 leopard geckos (D:1)
  3 giant cockroaches
  5 goblins
  7 hobgoblins
  2 kobolds
  4 ball pythons
  6 bats (D:1)
  8 frilled lizards
  15 rats
65 creatures vanquished.

Notes
Turn   | Place    | Note
-------+----------+-------------------------------------------
     0 | D:1      | mopl the Centaur Hunter began the quest for the Orb.
     0 | D:1      | Reached XP level 1. HP: 17/17 MP: 1/1
    84 | D:1      | Reached XP level 2. HP: 14/24 MP: 2/2
   158 | D:1      | HP: 1/24 [leopard gecko (3)]
   160 | D:1      | Reached skill level 6 in Bows
   986 | D:1      | Reached XP level 3. HP: 25/29 MP: 3/3
  1201 | D:2      | Reached skill level 7 in Bows
  1465 | D:2      | Reached XP level 4. HP: 30/36 MP: 4/4
  1691 | D:3      | Found a shattered altar of Ashenzari.
  1693 | D:3      | Found a stormy altar of Qazlal.
  1695 | D:3      | Found an opulent altar of Gozag.
  1697 | D:3      | Became a worshipper of Ashenzari the Shackled
  1698 | D:3      | Fell from the grace of Ashenzari
  1772 | D:3      | Found a glowing drain.
  1854 | Sewer    | Entered a sewer
  1930 | Sewer    | Reached skill level 8 in Bows
  2135 | Sewer    | Reached XP level 5. HP: 31/41 MP: 5/5
  2202 | D:3      | Splashed by a goblin's acid

Skill      XL: |  1  2  3  4 |
---------------+-------------+-----
Bows           | 6 7 8 |  8.4
Fighting       | |  2.0
Dodging        | |  1.3
Stealth        | |  0.4

Action                   |  1- 3 |  4- 6 || total
-------------------------+-------+-------++-------
Melee: Short sword       |   103 |    75 ||   178
       Kick              |    22 |    15 ||    37
 Fire: Shortbow          |    11 |    26 ||    37
Invok: Renounce Religion |       |     1 ||     1
  Eat: Chunk             |     1 |     2 ||     3
Armor: Leather armour    |    53 |    23 ||    76
Dodge: Dodged            |    60 |    45 ||   105
